 Dungeon Sprint DCSS version 0.31.0-9-g3a7656b989 (webtiles) character file.

Game seed: 8709966719384072988

19758 Heoruswealwe the Phalangite (level 12, -3/130 HPs)
             Began as a Minotaur Fighter on Feb 1, 2024.
             Was an Initiate of Gozag.
             Killed from afar by a frost giant (50 damage)
             ... with a bolt of cold
             ... in the Dungeon (Sprint IX: "|||||||||||||||||||||||||||||").
             The game lasted 00:21:31 (2503 turns).

Heoruswealwe the Phalangite (Minotaur Fighter)      Turns: 2503, Time: 00:21:32

Health: -3/130     AC: 26    Str: 36    XL:     12   Next: 39%
Magic:  11/11      EV: 10    Int:  5    God:    Gozag
Gold:   521        SH:  0    Dex: 12    Spells: 11/11 levels left

rFire   + . .        b - +2 glaive (venom)
rCold   . . .        (shield currently unavailable)
rNeg    . . .        c - +2 shadow dragon scales
rPois   .            (helmet restricted)
rElec   .            (no cloak)
rCorr   .            f - +0 pair of gloves
SInv    .            e - +0 pair of boots
Will    .....        (no amulet)
Stlth   ++           k - +3 ring of strength
HPRegen 0.41/turn    j - ring "Weytoqin" {rF+ Str+6 Dex+3}
MPRegen 0.12/turn

%: no teleportation
@: gold aura
A: horns 2, retaliatory headbutt
a: Renounce Religion, Potion Petition, Call Merchant, Bribe Branch


You were in the Dungeon.
You worshipped Gozag.
Gozag was pleased with you.
You visited 1 branch You collected 7411 gold pieces.
You spent 3493 gold pieces at shops.
You paid 3397 gold pieces to Gozag.

Inventory:

Hand Weapons
 a - a +0 trident
 b - a +2 glaive of venom (weapon)
Armour
 c - +2 shadow dragon scales (worn)
 d - a +0 buckler
 e - a +0 pair of boots (worn)
 f - a +0 pair of gloves (worn)
Jewellery
 j - the ring "Weytoqin" (right hand) {rF+ Str+6 Dex+3}
   (You bought it in a shop in the Dungeon)

   [ring of strength]

   Str+6:     It affects your strength (+6).
   Dex+3:     It affects your dexterity (+3).
   rF+:       It protects you from fire.
 k - a +3 ring of strength (left hand)
Wands
 h - a wand of roots (10)
 t - a wand of charming (3)
Scrolls
 n - 5 scrolls of blinking
 o - 3 scrolls of enchant weapon
 p - 4 scrolls of identify
 v - a scroll of enchant armour
 B - a scroll of silence
Potions
 g - 3 potions of haste
 i - 2 potions of berserk rage
 l - 4 potions of heal wounds
 m - 3 potions of might
 q - a potion of resistance
 r - 12 potions of curing
 s - a potion of cancellation
 w - 2 potions of mutation
Miscellaneous
 u - a box of beasts
 A - a lightning rod (4/4)


   Skills:
 + Level 19.5 Fighting
 * Level 26.1 Polearms
 + Level 19.5 Armour
 - Level 3.6 Shields


You had 11 spell levels left.
You didn't know any spells.
Your spell library was empty.

Dungeon Overview and Level Annotations

Branches:
Dungeon (1/1)

Altars:
Cheibriados
Dithmenos
Elyvilon
Fedhas
Gozag
Hepliaklqana
Kikubaaqudgha
Makhleb
Nemelex Xobeh
Okawaru
Qazlal
Ru
Sif Muna
Trog
Uskayaw
Vehumet
Wu Jian
Xom
Yredelemnul
Zin
The Shining One
Jiyva
Lugonu

Shops:
D !?!***(*


Innate Abilities, Weirdness & Mutations

You have a pair of horns on your head.
You reflexively headbutt those who attack you in melee.


Message History

The fireball engulfs the fire giant.
The fire giant resists.
You slash the fire giant!
You kill the fire giant!
The cyclops is distracted by your dazzling golden aura.
Your Polearms skill increases to level 26!
Reach: b) +2 glaive (venom)
Press: ? - help, Dir - move target, f - frost giant
Aim: a frost giant, wielding a +1 battleaxe of freezing (soul bound, about 10% to evade your +2 glaive of venom)
You reach to attack!
The cyclops shouts!
You slice the frost giant!!
The frost giant looks as sick as possible!
The frost giant is moderately wounded.
The yaktaur is no longer distracted by gold.
You completely miss the frost giant. Your headbutt misses the frost giant.
The frost giant is moderately wounded.
The frost giant casts a spell at you. The bolt of cold hits you!!
* * * LOW HITPOINT WARNING * * *
You slash the frost giant!
The frost giant looks as sick as possible!
You headbutt the frost giant!
The frost giant is heavily wounded.
You slice the frost giant!! You headbutt the frost giant!
The frost giant is almost dead.
The cyclops is no longer distracted by gold.
An ice dragon comes into view.
The frost giant hits you with a +1 battleaxe of freezing!!
* * * LOW HITPOINT WARNING * * *
The frost giant freezes you.
* * * LOW HITPOINT WARNING * * *
You feel much better.
The frost giant gestures at you while chanting.
The bolt of cold misses you.
You feel much better.
The cyclops is distracted by your dazzling golden aura.
The frost giant casts a spell at you. The bolt of cold hits you!!!
You die...
Your body crumbles into a pile of gold.

▓_▓.▓.▓.▓.▓.▓!▓
▓_▓.▓.▓.▓.▓.▓.▓
▓_▓.▓.▓.▓.▓.▓.▓
▓_▓.▓.▓.▓.▓)▓.▓
▓_▓.▓.▓.▓.▓.▓.▓
▓_▓.▓.▓.▓.▓.▓.▓
▓_▓.▓.▓.▓'▓.▓.▓
▓'▓.▓'▓.▓[▓.▓$▓
▓!▓.▓.▓.▓?▓.▓@▓
▓?▓.▓.▓.▓.▓.▓C▓
▓)▓.▓.▓)▓.▓.▓.▓
▓[▓.▓.▓.▓.▓.▓C▓
▓[▓.▓.▓.▓∩▓.▓p▓
▓.▓.▓.▓.▓.▓.▓c▓
▓.▓.▓.▓.▓∩▓.▓D▓
▓.▓.▓.▓.▓.▓.▓.▓
▓.▓.▓)▓.▓∩▓.▓


You could see a frost giant (soul bound, extremely poisoned), an ice dragon
(soul bound), a cyclops (soul bound, unaware), a yaktaur (soul bound) and a
necromancer.

Vanquished Creatures
  A fire giant (D)
  A stone giant (D)
  A fire dragon (D)
  Harold (D)
  2 boulder beetles (D)
  A two-headed ogre (D)
  2 centaur warriors (D)
  A death yak (D)
  An orc high priest (D)
  A tengu warrior (D)
  9 orc knights (D)
  An elephant (D)
  Joseph (D)
  2 black mambas (D)
  3 cane toads (D)
  A komodo dragon (D)
  A rime drake (D)
  2 freezing wraiths (D)
  A tyrant leech (D)
  A dream sheep (D)
  A slime creature (D)
  4 blink frogs (D)
  A spriggan (shapeshifter) (D)
  A wraith (D)
  5 yaks (D)
  A vampire mosquito (D)
  An acid dragon (D)
  4 water moccasins (D)
  19 orc warriors (D)
  3 bullfrogs (D)
  A scorpion (D)
  A wight (D)
  4 orc priests (D)
  An iguana (D)
  2 orc wizards (D)
  An adder (D)
  A white imp (D)
  6 orcs (D)
  A bat (D)
  A hobgoblin (D)
  A kobold (D)
  A quokka (D)
  A rat (D)
96 creatures vanquished.

Notes
Turn   | Place    | Note
-------+----------+-------------------------------------------
     0 | D        | Heoruswealwe the Minotaur Fighter began the quest for the
                  | Orb.
     0 | D        | Reached XP level 1. HP: 19/19 MP: 0/0
     8 | D        | Reached skill level 3 in Polearms
    22 | D        | Noticed an iguana
    22 | D        | Noticed a scorpion
    26 | D        | Killed an iguana
    27 | D        | Reached skill level 5 in Fighting
    27 | D        | Reached skill level 5 in Polearms
    27 | D        | Reached skill level 5 in Armour
    27 | D        | Reached XP level 2. HP: 19/29 MP: 1/1
    27 | D        | Reached XP level 3. HP: 24/36 MP: 2/2
    31 | D        | Reached skill level 6 in Polearms
    35 | D        | Killed a scorpion
    36 | D        | Reached skill level 8 in Polearms
    36 | D        | Reached XP level 4. HP: 33/45 MP: 3/3
    47 | D        | Found a snail-covered altar of Cheibriados.
    47 | D        | Found a shadowy altar of Dithmenos.
    47 | D        | Found a white marble altar of Elyvilon.
    47 | D        | Found a blossoming altar of Fedhas.
    47 | D        | Found an opulent altar of Gozag.
    48 | D        | Found a hazy altar of Hepliaklqana.
    49 | D        | Found a viscous altar of Jiyva.
    50 | D        | Found an ancient bone altar of Kikubaaqudgha.
    51 | D        | Found a corrupted altar of Lugonu.
    52 | D        | Found a burning altar of Makhleb.
    53 | D        | Found a sparkling altar of Nemelex Xobeh.
    54 | D        | Found an iron altar of Okawaru.
    55 | D        | Became a worshipper of Gozag Ym Sagoz the Greedy
    56 | D        | Found a stormy altar of Qazlal.
    57 | D        | Found a sacrificial altar of Ru.
    58 | D        | Found a shimmering blue altar of Sif Muna.
    59 | D        | Found a bloodstained altar of Trog.
    60 | D        | Found a hide-covered altar of Uskayaw.
    61 | D        | Found a radiant altar of Vehumet.
    62 | D        | Found an ornate altar of the Wu Jian Council.
    63 | D        | Found a shimmering altar of Xom.
    64 | D        | Found a basalt altar of Yredelemnul.
    65 | D        | Found a glowing silver altar of Zin.
    66 | D        | Found a glowing golden altar of the Shining One.
   116 | D        | Noticed an acid dragon
   116 | D        | Noticed an orc warrior
   116 | D        | Noticed a yak
   116 | D        | Noticed a yak
   116 | D        | Noticed a two-headed ogre
   121 | D        | Reached skill level 9 in Polearms
   121 | D        | Reached XP level 5. HP: 39/52 MP: 4/4
   128 | D        | Killed an acid dragon
   129 | D        | Reached skill level 10 in Polearms
   129 | D        | Reached XP level 6. HP: 39/62 MP: 5/5
   134 | D        | Killed an orc warrior
   135 | D        | Reached skill level 11 in Polearms
   142 | D        | Killed a two-headed ogre
   143 | D        | Reached skill level 14 in Polearms
   143 | D        | Reached XP level 7. HP: 17/74 MP: 6/6
   149 | D        | Killed a yak
   150 | D        | Reached XP level 8. HP: 15/82 MP: 7/7
   156 | D        | Reached skill level 15 in Polearms
   292 | D        | Noticed a boulder beetle
   292 | D        | Noticed a centaur warrior
   292 | D        | Noticed a slime creature
   292 | D        | Noticed a tengu warrior
   305 | D        | Killed a boulder beetle
   306 | D        | Reached skill level 16 in Polearms
   307 | D        | Reached XP level 9. HP: 78/92 MP: 8/8
   314 | D        | Killed a centaur warrior
   315 | D        | Reached skill level 17 in Polearms
   318 | D        | Reached skill level 18 in Polearms
   331 | D        | Killed a tengu warrior
   595 | D        | Noticed a rime drake
   595 | D        | Noticed a komodo dragon
   597 | D        | Noticed a black mamba
   602 | D        | Reached skill level 19 in Polearms
   611 | D        | Killed a rime drake
   612 | D        | Reached XP level 10. HP: 103/104 MP: 9/9
   630 | D        | Killed a black mamba
   637 | D        | Reached skill level 20 in Polearms
   721 | D        | Noticed an elephant
   721 | D        | Noticed a black mamba
   721 | D        | Noticed a death yak
   722 | D        | Noticed a cane toad
   728 | D        | Reached skill level 15 in Fighting
   728 | D        | Reached skill level 15 in Armour
   740 | D        | Killed a death yak
   742 | D        | Killed an elephant
   747 | D        | Noticed a cane toad
   749 | D        | Killed a black mamba
   750 | D        | Reached skill level 21 in Polearms
   768 | D        | Killed a cane toad
   775 | D        | Killed a cane toad
   831 | D        | Noticed a cane toad
   855 | D        | Reached XP level 11. HP: 93/114 MP: 10/10
   863 | D        | Reached skill level 22 in Polearms
   966 | D        | Noticed Harold
   983 | D        | Killed Harold
  1115 | D        | Noticed an orc knight
  1134 | D        | Killed an orc knight
  1200 | D        | Noticed an orc knight
  1219 | D        | Killed an orc knight
  1220 | D        | Reached skill level 23 in Polearms
  1498 | D        | Noticed an orc high priest
  1500 | D        | Noticed an orc knight
  1526 | D        | Killed an orc high priest
  1530 | D        | Killed an orc knight
  1765 | D        | Found Lenaschua's Distillery.
  1768 | D        | Noticed an orc knight
  1769 | D        | Found Ommaf's Magic Scroll Shoppe.
  1772 | D        | Noticed an orc knight
  1778 | D        | Noticed an orc knight
  1787 | D        | Killed an orc knight
  1788 | D        | Reached skill level 24 in Polearms
  1790 | D        | Noticed an orc knight
  1793 | D        | Killed an orc knight
  1798 | D        | Killed an orc knight
  1806 | D        | Killed an orc knight
  2008 | D        | Found Amolomal's Distillery.
  2012 | D        | Found Ymmonun's Assorted Antiques.
  2017 | D        | Noticed an orc knight
  2017 | D        | Noticed an orc knight
  2039 | D        | Killed an orc knight
  2042 | D        | Killed an orc knight
  2043 | D        | Reached XP level 12. HP: 121/128 MP: 11/11
  2094 | D        | Bought 2 potions of heal wounds for 140 gold pieces
  2094 | D        | Bought a potion of heal wounds for 70 gold pieces
  2094 | D        | Bought a potion of haste for 140 gold pieces
  2094 | D        | Bought a potion of cancellation for 112 gold pieces
  2094 | D        | Bought a potion of heal wounds for 70 gold pieces
  2094 | D        | Bought a potion of curing for 42 gold pieces
  2094 | D        | Bought a potion of lignification for 42 gold pieces
  2094 | D        | Bought a potion of heal wounds for 70 gold pieces
  2094 | D        | Bought a potion of enlightenment for 70 gold pieces
  2096 | D        | Bought a scroll of identify for 22 gold pieces
  2096 | D        | Bought a scroll of enchant armour for 82 gold pieces
  2096 | D        | Bought a scroll of immolation for 44 gold pieces
  2096 | D        | Bought a scroll of identify for 22 gold pieces
  2096 | D        | Bought a scroll of identify for 22 gold pieces
  2098 | D        | Bought a potion of curing for 42 gold pieces
  2098 | D        | Bought a potion of attraction for 42 gold pieces
  2098 | D        | Bought a potion of heal wounds for 70 gold pieces
  2098 | D        | Bought 2 potions of curing for 84 gold pieces
  2098 | D        | Bought a potion of might for 56 gold pieces
  2100 | D        | Bought a potion of heal wounds for 85 gold pieces
  2100 | D        | Bought a twisted coral ring for 85 gold pieces
  2100 | D        | Bought a heavily runed amber ring for 85 gold pieces
  2100 | D        | Identified the ring "Weytoqin" {rF+ Str+6 Dex+3} (You
                  | bought it in a shop in the Dungeon)
  2100 | D        | Bought a lightning rod (4/4) for 680 gold pieces
  2100 | D        | Bought a scroll labelled LIMMOMPUZXUCH for 17 gold pieces
  2132 | D        | Bought a wand of charming (3) for 115 gold pieces
  2132 | D        | Bought a box of beasts for 640 gold pieces
  2132 | D        | Bought a scroll of blinking for 120 gold pieces
  2132 | D        | Bought a scroll of poison for 64 gold pieces
  2135 | D        | Bought a scroll of enchant weapon for 127 gold pieces
  2135 | D        | Bought 2 potions of curing for 102 gold pieces
  2135 | D        | Bought a potion of curing for 51 gold pieces
  2143 | D        | Bought a potion of berserk rage for 80 gold pieces
  2213 | D        | Noticed Joseph
  2222 | D        | Killed Joseph
  2223 | D        | Reached skill level 25 in Polearms
  2456 | D        | Noticed a boulder beetle
  2456 | D        | Noticed a centaur warrior
  2456 | D        | Noticed a fire dragon
  2462 | D        | Noticed a stone giant
  2470 | D        | Noticed a fire giant
  2475 | D        | Noticed a frost giant
  2477 | D        | Killed a boulder beetle
  2481 | D        | Killed a centaur warrior
  2487 | D        | Killed a fire dragon
  2492 | D        | Killed a stone giant
  2497 | D        | Killed a fire giant
  2498 | D        | Reached skill level 26 in Polearms
  2501 | D        | Noticed an ice dragon
  2501 | D        | HP: 6/130 [frost giant/+1 battleaxe of freezing (2)]
  2503 | D        | Killed from afar by a frost giant

Illustrated notes

Levels and vault maps discovered:
D:        linesprint [early_d, line_temple, items_1, d_10, items_2, lair_1,
          lair_end, items_3, orc_1, orc_end, items_4, d_15, swamp_1, shoals_1,
          snake_1, spider_1, d_20, vaults_1, items_5, swamp_end, shoals_end,
          snake_end, spider_end, vaults_end, d_27, items_6, zot_1, zot_end,
          crypt_end, forest_end, elf_end, slime_end, tomb_end, abyss_end,
          pan_hell_end]

Skill      XL: |  1  2  3  4  5  6  7  8  9 10 11 12 |
---------------+-------------------------------------+-----
Polearms       | 5 8 9 10 14 16 19 21 24 26 | 26.1
Fighting       | 5 6 7 8 11 12 14 16 18 19 | 19.5
Armour         | 5 6 7 8 11 12 14 16 18 19 | 19.5
Shields        | |  3.6

Action                     |  1- 3 |  4- 6 |  7- 9 | 10-12 || total
---------------------------+-------+-------+-------+-------++-------
  Melee: Trident           |    25 |     5 |       |       ||    30
         Headbutt          |     3 |     6 |    15 |    60 ||    84
         Halberd           |       |    24 |    65 |   193 ||   282
         Glaive            |       |       |       |    93 ||    93
 Invoke: Call Merchant     |       |       |       |     4 ||     4
    Use: Potion            |       |     2 |     1 |     9 ||    12
         Scroll            |       |       |       |     1 ||     1
   Stab: Distracted        |       |       |       |     2 ||     2
 Armour: Scale mail        |    16 |     2 |       |       ||    18
         Chain mail        |       |    18 |     4 |       ||    22
         Plate armour      |       |       |    43 |   138 ||   181
         Shadow dragon sca |       |       |       |    56 ||    56
  Dodge: Dodged            |    13 |     9 |    15 |    92 ||   129
  Block: Buckler           |     4 |     1 |       |       ||     5
